 Dungeon Crawl Stone Soup version 0.27.1-4-g1640c2035a (webtiles) character file.

Game seed: 10850826036386780152

72 Fulminus the Magician (level 4, -3/32 HPs)
             Began as a Djinni Hedge Wizard on Nov 12, 2021.
             Slain by a water moccasin zombie (4 damage)
             ... on level 3 of the Dungeon.
             The game lasted 00:06:47 (3564 turns).

Fulminus the Magician (Djinni Hedge Wizard)         Turns: 3564, Time: 00:06:48

Health: -3/32      AC:  4    Str:  9    XL:     4   Next: 48%
Gold:   180        EV: 12    Int: 16    God:
                   SH:  0    Dex: 13

rFire    + + .     SeeInvis .   a - +0 dagger
rCold    x . .     Faith    .   (no shield)
rNeg     . . .     Spirit   .   b - +0 robe
rPois    ∞         Reflect  .   c - +0 hat
rElec    .         Harm     .   (no cloak)
rCorr    .         Rampage  .   e - +1 pair of gloves
Will     .....                  (boots unavailable)
Stlth    ++........             (no amulet)
HPRegen  0.10/turn              (no ring)
MPRegen  0.00/turn              (no ring)

@: flying
A: sickness immunity, fire resistance 2, cold vulnerability 1, float, innate
caster, hp casting, extra vitality 1
a: no special abilities


You were on level 3 of the Dungeon.
You visited 1 branch of the dungeon, and saw 3 of its levels.

You collected 180 gold pieces.

Inventory:

Hand Weapons
 a - a +0 dagger (weapon)
Missiles
 k - a throwing net
Armour
 b - a +0 robe (worn)
 c - a +0 hat (worn)
 e - a +1 pair of gloves (worn)
Scrolls
 l - a scroll of noise {unknown}
 m - a scroll of enchant weapon {unknown}
 n - a scroll of identify {unknown}
Potions
 d - a potion of might {unknown}
 f - a potion of ambrosia {unknown}
 g - 2 potions of magic {unknown}
 h - 3 potions of curing {unknown}
 i - a potion of resistance {unknown}
 j - 2 potions of heal wounds {unknown}


   Skills:
 + Level 1.2 Fighting
 - Level 2.1 Dodging
 - Level 1.5 Stealth
 * Level 3.6 Spellcasting


You couldn't memorise any spells.
You knew the following spells:

 Your Spells              Type           Power      Damage    Failure   Level
a - Magic Dart            Conj           56%        1d5       3%          1
b - Blink                 Tloc           N/A        N/A       6%          2
c - Call Imp              Summ           14%        N/A       6%          2
d - Slow                  Hex            14%        N/A       6%          2
e - Conjure Flame         Conj/Fire      14%        6-21      12%         3
f - Mephitic Cloud        Conj/Pois/Air  14%        N/A       12%         3
g - Sting                 Tmut/Pois      56%        1d5       3%          1
Your spell library was empty.

Dungeon Overview and Level Annotations

Branches:
Dungeon (3/15)

Altars:
Uskayaw

Shops:
D:2 :

Annotations:
D:3 exclusions: dart slug, giant cockroach, kobold and ogre


Innate Abilities, Weirdness & Mutations

You are immune to sickness and miasma.
You are immune to poison.
Your flesh is very heat resistant. (rF++)
You are vulnerable to cold. (rC-)
You float through the air rather than walking.
You learn spells naturally, not from books.
Your magical power is your life essence.
You have superior vitality. (+4 HP)


Message History

The water moccasin zombie bites you but does no damage.
Your magical contamination has completely faded away.
Casting: Magic Dart (safe; 3% risk of failure)
Confirm with . or Enter, or press ? or * to list all spells.
Aiming: Magic Dart (safe; 3% risk of failure)
Press: ? - help, Shift-Dir - straight line, f/p - water moccasin zombie
Aim: a water moccasin zombie (moderately damaged, 100% to hit)
The magic dart hits the water moccasin zombie.
The water moccasin zombie is heavily damaged.
The water moccasin zombie closely misses you.
The water moccasin zombie completely misses you.
Casting: Magic Dart (safe; 3% risk of failure)
Confirm with . or Enter, or press ? or * to list all spells.
A beastly little devil appears in a puff of flame.
The water moccasin zombie bites you!
* * * LOW HITPOINT WARNING * * *
Casting: Call Imp (safe; 6% risk of failure)
Confirm with . or Enter, or press ? or * to list all spells.
Aiming: Magic Dart (safe; 3% risk of failure)
Press: ? - help, Shift-Dir - straight line, f/p - water moccasin zombie
Aim: a water moccasin zombie (heavily damaged, ally target, 100% to hit)
The magic dart hits the water moccasin zombie.
The water moccasin zombie is heavily damaged.
* * * LOW HITPOINT WARNING * * *
The water moccasin zombie closely misses you.
Your crimson imp hits the water moccasin zombie.
You hit the water moccasin zombie but do no damage.
The water moccasin zombie is severely damaged.
The water moccasin zombie bites you.
* * * LOW HITPOINT WARNING * * *
Your crimson imp barely misses the water moccasin zombie.
You hit the water moccasin zombie.
The water moccasin zombie is severely damaged.
The water moccasin zombie misses you.
The water moccasin zombie bites you but does no damage.
Your crimson imp hits the water moccasin zombie.
You hit the water moccasin zombie.
The water moccasin zombie is severely damaged.
The water moccasin zombie bites you.
You die...

..#. #..! ..... ##
..... .# #..... .#
##....####(#####.
#.................
#.#.#...Z5........
#.#......@........
##.########..#.....
##...## ##..# ###
###.....# ##.#.#
#.......# ##.###.##
####.#...).# #.##
#.# ..>.......##
##.## .##
####.#...#######.#.#
#..###.#.......#


You could see a water moccasin zombie (ally target) and a friendly crimson imp
(summoned).

Vanquished Creatures
  Jessica (D:2)
  A ball python (D:1)
  2 bats
  5 endoplasms
  4 giant cockroaches
  A goblin (D:1)
  3 hobgoblins
  4 jackals (D:1)
  5 kobolds
  4 quokkas
  6 frilled lizards
  4 rats
40 creatures vanquished.

Vanquished Creatures (others)
  21 plants (D:1)
21 creatures vanquished.

Grand Total: 61 creatures vanquished

Notes
Turn   | Place    | Note
-------+----------+-------------------------------------------
     0 | D:1      | Fulminus the Djinni Hedge Wizard began the quest for the
                  | Orb.
     0 | D:1      | Reached XP level 1. HP: 15/15 MP: 0/0
   273 | D:1      | Reached XP level 2. HP: 7/21 MP: 0/0
   715 | D:1      | Reached skill level 3 in Spellcasting
  1196 | D:1      | Reached XP level 3. HP: 22/25 MP: 0/0
  1196 | D:1      | Learned a level 1 spell: Sting
  2129 | D:2      | Found a faded altar of an unknown god.
  2201 | D:2      | Noticed Jessica
  2310 | D:2      | Found Hicea's Book Boutique.
  2897 | D:2      | Killed Jessica
  2898 | D:2      | Reached skill level 1 in Fighting
  2898 | D:2      | Reached XP level 4. HP: 11/32 MP: 0/0
  3267 | D:3      | Noticed an ogre
  3332 | D:3      | Found a hide-covered altar of Uskayaw.
  3562 | D:3      | HP: 1/32 [water moccasin zombie (4)]
  3564 | D:3      | Slain by a water moccasin zombie

Illustrated notes

Levels and vault maps discovered:
D:1:      ebering_hopf_link, layout_loops_ring, serial_aquarium,
          aquarium_bridge_square [aquarium_subvault_bridge,
          aquarium_subvault_wall, aquarium_subvault_wall,
          aquarium_subvault_bridge], aquarium_bridge_island_small
          [aquarium_subvault_small_open, aquarium_subvault_bridge,
          aquarium_subvault_window, aquarium_subvault_bridge,
          aquarium_subvault_window], aquarium_window_fake,
          aquarium_window_corridor_1, aquarium_window_fake, aquarium_window_1,
          aquarium_view_2c, aquarium_view_2a, aquarium_pool_corner,
          serial_bayou_pond_e, serial_bayou_lagoon_a, nrook_campfire
D:2:      layout_basic, serial_shops, shop,
          hellmonk_ecumenical_altar_arch_garden, uniq_jessica
D:3:      layout_loops_ring, nicolae_uskayaw_suspiria

Skill      XL: |  1  2  3 |
---------------+----------+-----
Spellcasting   | 3 |  3.6
Fighting       | 1 |  1.2
Dodging        | |  2.1
Stealth        | |  1.5

Action                   |  1- 3 |  4- 6 || total
-------------------------+-------+-------++-------
Melee: Dagger            |     6 |     5 ||    11
 Cast: Magic Dart        |    82 |    21 ||   103
       Sting             |     4 |       ||     4
       Call Imp          |       |     1 ||     1
 Stab: Sleeping          |       |     1 ||     1
Armor: Robe              |     6 |     5 ||    11
Dodge: Dodged            |    15 |     5 ||    20
